 Dungeon Crawl Stone Soup version 0.21-a0-531-gacddea6 (webtiles) character file.

132 mortelune the Conjurer (level 4, -5/24 HPs)
             Began as a Deep Elf Conjurer on Dec 14, 2017.
             Killed by divine providence
             ... invoked by an orc priest
              (14 damage)
             ... on level 3 of the Dungeon.
             The game lasted 00:08:13 (2991 turns).

mortelune the Conjurer (Deep Elf Conjurer)          Turns: 2991, Time: 00:08:13

Health: -5/24      AC:  3    Str:  5    XL:     4   Next: 92%
Magic:  3/12       EV: 14    Int: 21    God:
Gold:   106        SH:  0    Dex: 15    Spells: 5/11 levels left

rFire    . . .     SeeInvis .   k - -2 dagger
rCold    . . .     Gourm    .   (no shield)
rNeg     . . .     Faith    .   a - +0 robe
rPois    .         Spirit   .   e - +0 helmet
rElec    .         Reflect  .   (no cloak)
rCorr    .         Harm     .   (no gloves)
MR       .....                  (no boots)
Stlth    ++........             (no amulet)
HPRegen  0.08/turn              (no ring)
MPRegen  0.13/turn              (no ring)

@: no status effects
A: no striking features
a: no special abilities


You were on level 3 of the Dungeon.
You were not hungry.

You visited 1 branch of the dungeon, and saw 3 of its levels.

You collected 106 gold pieces.

Inventory:

Hand Weapons
 f - a +0 dagger
 h - a +1 dagger of venom
 k - a -2 dagger (weapon)
Missiles
 q - a throwing net (quivered)
Armour
 a - a +0 robe (worn)
 e - a +0 helmet (worn)
Scrolls
 g - a scroll of fear
Potions
 d - a potion of heal wounds {unknown}
 i - a potion of lignification {unknown}
 n - a potion of agility {unknown}
 r - a potion of invisibility {unknown}
Books
 b - a book of Conjurations

   Spells                             Type                      Level
   a - Magic Dart                     Conjuration                  1
   b - Searing Ray                    Conjuration                  2
   c - Dazzling Spray                 Conjuration/Hexes            3
   d - Fulminant Prism                Conjuration/Hexes            4
   e - Force Lance                    Conjuration/Translocation    4
   f - Iskenderun's Mystic Blast      Conjuration                  4
Comestibles
 c - a bread ration
 j - a chunk of flesh
 l - 4 fruits
 p - a royal jelly


   Skills:
 + Level 3.5 Dodging
 - Level 2.4 Stealth
 + Level 4.2 Spellcasting
 * Level 5.6 Conjurations
 + Level 1.6 Hexes


You had 5 spell levels left.
You knew the following spells:

 Your Spells              Type           Power        Failure   Level  Hunger
a - Magic Dart            Conj           ####         1%          1    None
b - Searing Ray           Conj           ####..       1%          2    #......
c - Dazzling Spray        Conj/Hex       ###...       8%          3    ###....


Dungeon Overview and Level Annotations

Branches:
Dungeon (3/15)

Altars:
Dithmenos


Message History

Aiming: Magic Dart
Press: ? - help, Shift-Dir - straight line, f/p - orc
Aim: an orc, wielding a mace and wearing a leather armour (severely wounded)
The magic dart hits the orc.
You kill the orc!
The jackal bites you. The orc misses you.
A jackal comes into view.
The jackal moves out of view.
The jackal barks!
Things that are here:
3 stones; a kobold corpse Your magical contamination has completely faded away.
The orc priest calls down the wrath of Beogh upon you.
Beogh smites you!
Ouch! That really hurt!
The orc priest mumbles some strange prayers to Beogh against you.
Beogh smites you!
Ouch! That really hurt!
You die...

#.#######..###.#
#.........=...###
...
#.#####.....)...
#.# ###
#.####...#####. #.#
..# ##...)...# #.
#.# #.##
##.#####..# #.
###.# #.###)## #..#
#g ).#.# #..#.##
#).# #g
..#.##########.#@##
#..# #.
...h(...go...ho..#
#..# #g
...h##########....#
...# #. ....#
####.# ..## ##
....# .# ....# .#
####### ..### .#
[...... ..# ..
....... .. .#
..######


You could see an orc priest, an orc and a jackal.

Vanquished Creatures
  4 gnolls (D:3)
  An adder (D:2)
  An ooze (D:3)
  2 worms
  A dart slug (D:3)
  4 leopard geckos
  7 orcs (D:3)
  4 bats
  2 giant cockroaches
  4 hobgoblins
  5 jackals
  2 quokkas
  2 frilled lizards (D:1)
  9 goblins
  5 kobolds
  8 rats
61 creatures vanquished.

Notes
Turn   | Place    | Note
-------+----------+-------------------------------------------
     0 | D:1      | mortelune the Deep Elf Conjurer began the quest for the Orb.
     0 | D:1      | Reached XP level 1. HP: 10/10 MP: 6/6
   325 | D:1      | Reached XP level 2. HP: 15/15 MP: 5/8
   329 | D:1      | Learned a level 2 spell: Searing Ray
  1060 | D:1      | Reached skill level 5 in Conjurations
  1079 | D:2      | Reached XP level 3. HP: 19/19 MP: 8/10
  1452 | D:2      | Learned a level 3 spell: Dazzling Spray
  2214 | D:3      | Reached XP level 4. HP: 24/24 MP: 3/11
  2364 | D:3      | Reached skill level 1 in Hexes
  2641 | D:3      | Found a shadowy altar of Dithmenos.
  2991 | D:3      | Killed from afar by an orc priest

Vault maps used:
D:1:      dpeg_arrival_simpleton_a, palyth_stone_intersect
D:3:      nicolae_overflow_hidden_temple

Skill      XL: |  1  2  3  4 |
---------------+-------------+-----
Conjurations   | 5 |  5.6
Dodging        | 3 |  3.5
Hexes          | 1 |  1.6
Spellcasting   | 4 |  4.2
Stealth        | |  2.4

Action                   |  1- 3 |  4- 6 || total
-------------------------+-------+-------++-------
 Cast: Magic Dart        |    60 |    33 ||    93
       Searing Ray       |     8 |     5 ||    13
       Dazzling Spray    |     1 |     3 ||     4
  Use: Scroll            |       |     5 ||     5
  Eat: Chunk             |     4 |     3 ||     7
Armor: Robe              |     1 |     1 ||     2
Dodge: Dodged            |     6 |    17 ||    23

Table legend:
 A = Spawn XP
 B = Non-spawn XP
 C = Spawn XP percentage of total XP
 D = Spawn monster count
 E = Non-spawn monster count
 F = Spawn count percentage of total count
 G = Total turns spent on level
                    A         B        C        D         E        F      G
               +---------+---------+-------+---------+---------+-------+---------
         Total |       0 |     189 |   0.0 |       0 |      61 |   0.0 |  2991
               +---------+---------+-------+---------+---------+-------+---------
           D:1 |       0 |      40 |   0.0 |       0 |      25 |   0.0 |  1078
           D:2 |       0 |      36 |   0.0 |       0 |      12 |   0.0 |   951
           D:3 |       0 |     113 |   0.0 |       0 |      24 |   0.0 |   962
               +---------+---------+-------+---------+---------+-------+---------
